AoeStats
← Ken

Arena

506836053Analyzed
1v1 RM · 16d ago on Sep 15, 2026· 52m 55s· 2 players
Game mode
Random Map
Map size
Tiny (2 player)
Population
200
Speed
Normal
Resources
Standard
Victory
Conquest
Starting age
Dark Age
Ending age
Imperial Age
RankedLock teamsTeams togetherTeam positionsShared explorationLock speedFull tech treeHidden civsTurbo modeCheats
Victory
Defeat
🇹🇼 Malians · Taiwan
1001
+17
🇨🇳 Franks · China
1024
-17
pokemonmastersoji
2:49 Loom
7:50 Loom
11:29 Feudal Age
15:56 Castle Age
14:13 Double-Bit Axe
14:35 Horse Collar
16:09 Gold Mining
18:07 Gold Shaft Mining
31:08 Imperial Age
29:09 Scale Mail Armor
29:15 Scale Barding Armor
33:21 Chemistry
36:42 Elite Gbeto
43:13 Chain Mail Armor
52:59 Wheelbarrow
Ken
11:00 Feudal Age
16:10 Castle Age
14:41 Double-Bit Axe
15:02 Loom
31:51 Bow Saw
32:52 Husbandry
37:29 Wheelbarrow
37:35 Scale Barding Armor
39:55 Forging
40:08 Hand Cart
54:05 Imperial Age
Connection lost

Rejoining the realm…

Still unreachable

The connection could not be restored.

Session expired

The server has moved on; the page needs a fresh start.